Warning! The script has encountered some errors when parsing the replay. Please report them to the . » details
0x00, prev: 0x16: 16 02 09 00 40 4E 00 00 E5 6F 00 00 B2 4E 00 00 9C 0F 02 00 8F 06 00 00 A7 35 01 00 7B 40 00 00 AF C3 00 00 72 4A 00 00 80 A8 00 00 13 4F 00 00 2D 09 01 00 5C 50 00 00 B4 DB 00 00 C8 54 00 00 69 99 01 00 9C 55 00 00 29 D6 02 00 [00] 00 00 00 00 00 00 00 00 00 00 00 00 00 00 00 00 00 00 00 00 00 00 00 03 00
0x00, prev: 0x00: 16 02 09 00 40 4E 00 00 E5 6F 00 00 B2 4E 00 00 9C 0F 02 00 8F 06 00 00 A7 35 01 00 7B 40 00 00 AF C3 00 00 72 4A 00 00 80 A8 00 00 13 4F 00 00 2D 09 01 00 5C 50 00 00 B4 DB 00 00 C8 54 00 00 69 99 01 00 9C 55 00 00 29 D6 02 00 00 00 00 00 00 00 00 00 00 00 00 00 00 00 00 00 00 00 00 00 00 00 [00] 00 03 00
General information
- name: BNet
- type: Ladder team game (AT/RT)
- host: Battle.net
- saver: JEWISHPanCaKe
map: Avalanche
- players: 4
- length: 12:02
- speed: Fast
- version: 1.23 W3XP
- replay type: Public
» download(69 KB)
Players
team 1 (winner)
JEWISHPanCaKe (
green | 72 APM | 863 actions | 12:02)
4 Priestess of the Moon
2 Trueshot Aura
2 Searing Arrows
» actions
| Assign group hotkey | 10 | |
| Basic commands | 5 | |
| Build / train | 38 | |
| Enter build submenu | 8 | |
| Enter hero's abilities submenu | 4 | |
| Right click | 604 | |
| Select / deselect | 133 | |
| Select group hotkey | 36 | |
| Use ability | 25 | |
863 total
» units
» buildings
| Altar of Elders | 1 | |
| Moon Well | 4 | |
| Hunter's Hall | 1 | |
| Ancient of War | 2 | |
8 total
» build order
00:12 Altar of Elders
00:19 Moon Well
01:40 Hunter's Hall
01:48 Ancient of War
02:01 Ancient of War
02:25 Moon Well
02:36 Moon Well
05:52 Moon Well
TIME4OLDSKOOL (
teal | 100 APM | 1206 actions | 12:02)
4 Death Knight
2 Death Coil
2 Unholy Aura
1 Lich
1 Frost Nova
» actions
| Assign group hotkey | 40 | |
| Basic commands | 88 | |
| Build / train | 34 | |
| Enter build submenu | 11 | |
| Enter hero's abilities submenu | 5 | |
| Right click | 591 | |
| Select / deselect | 186 | |
| Select group hotkey | 200 | |
| Use ability | 51 | |
1206 total
» units
| Acolyte | 2 | |
| Ghoul | 1 | |
| Crypt Fiend | 12 | |
15 total
» upgrades
» buildings
| Graveyard | 1 | |
| Crypt | 1 | |
| Altar of Darkness | 1 | |
| Ziggurat | 6 | |
| Tomb of Relics | 1 | |
| Halls of the Dead | 1 | |
| Black Citadel | 1 | |
| Sacrificial Pit | 1 | |
| Boneyard | 2 | |
15 total
» build order
00:07 Graveyard
00:08 Crypt
00:28 Altar of Darkness
00:40 Ziggurat
00:54 Tomb of Relics
01:48 Ziggurat
03:23 Ziggurat
04:35 Halls of the Dead
06:06 Ziggurat
07:35 Black Citadel
08:17 Sacrificial Pit
10:13 Boneyard
10:13 Boneyard
10:55 Ziggurat
10:55 Ziggurat
» items
| Rod of Necromancy | 3 | |
| Orb of Corruption | 1 | |
4 total
team 2 (loser)
D-for-DarK- (
red | 86 APM | 1032 actions | 12:01)
3 Death Knight
2 Death Coil
1 Unholy Aura
2 Lich
1 Frost Nova
1 Frost Armor
» actions
| Assign group hotkey | 15 | |
| Basic commands | 3 | |
| Build / train | 30 | |
| Enter build submenu | 12 | |
| Enter hero's abilities submenu | 5 | |
| Right click | 534 | |
| Select / deselect | 167 | |
| Select group hotkey | 202 | |
| Use ability | 64 | |
1032 total
» units
| Acolyte | 2 | |
| Ghoul | 1 | |
| Crypt Fiend | 11 | |
14 total
» upgrades
» buildings
| Graveyard | 1 | |
| Crypt | 1 | |
| Altar of Darkness | 1 | |
| Ziggurat | 7 | |
| Tomb of Relics | 1 | |
| Halls of the Dead | 3 | |
| Black Citadel | 1 | |
| Sacrificial Pit | 1 | |
| Boneyard | 2 | |
18 total
» build order
00:10 Graveyard
00:18 Crypt
00:33 Altar of Darkness
00:37 Ziggurat
00:52 Tomb of Relics
01:50 Ziggurat
01:53 Ziggurat
03:50 Halls of the Dead
03:51 Halls of the Dead
03:51 Halls of the Dead
04:10 Ziggurat
04:56 Ziggurat
06:16 Black Citadel
09:17 Sacrificial Pit
10:11 Boneyard
10:12 Boneyard
10:52 Ziggurat
10:53 Ziggurat
» items
| Rod of Necromancy | 2 | |
| Scroll of Town Portal | 1 | |
| Potion of Mana | 1 | |
4 total
jenniferfrazier (
pink | 105 APM | 1259 actions | 11:59)
3 Priestess of the Moon
1 Searing Arrows
2 Trueshot Aura
» actions
| Assign group hotkey | 2 | |
| Basic commands | 45 | |
| Build / train | 44 | |
| Enter build submenu | 13 | |
| Enter hero's abilities submenu | 4 | |
| Remove unit from queue | 1 | |
| Right click | 824 | |
| Select / deselect | 275 | |
| Select group hotkey | 20 | |
| Use ability | 31 | |
1259 total
» units
| Wisp | 10 | |
| Huntress | 18 | |
| Glaive Thrower | 5 | |
33 total
» upgrades
| Strength of the Moon | 1 | |
| Moon Armor | 1 | |
2 total
» buildings
| Altar of Elders | 1 | |
| Moon Well | 6 | |
| Hunter's Hall | 1 | |
| Ancient of War | 3 | |
| Ancient Protector | 1 | |
12 total
» build order
00:17 Altar of Elders
00:32 Moon Well
01:53 Hunter's Hall
01:57 Ancient of War
02:06 Moon Well
02:26 Ancient of War
04:36 Moon Well
05:19 Moon Well
05:33 Moon Well
10:00 Ancient of War
10:04 Moon Well
11:22 Ancient Protector
Chat log
(00:12 / Allies) TIME4OLDSKOOL: HOLY FUCK LAG
(00:13 / Allies) JEWISHPanCaKe: great
(00:16 / Allies) TIME4OLDSKOOL: HOLYYYYYYYYY GFUCK
(00:23 / All) D-for-DarK-: turn off mh pls
(00:26 / All) D-for-DarK-: and thnx
(00:27 / All) JEWISHPanCaKe: k
(00:33 / All) JEWISHPanCaKe: u 2
(00:40 / All) D-for-DarK-: haha your funny
(00:47 / Allies) TIME4OLDSKOOL: plsss dont talk
(00:47 / All) JEWISHPanCaKe: tell ur allie that
(00:53 / All) jenniferfrazier: ?
(00:55 / All) D-for-DarK-: already did
(00:58 / All) D-for-DarK-: we think you are funny
(01:04 / All) JEWISHPanCaKe: good
(01:09 / All) JEWISHPanCaKe: u2
(01:19 / All) JEWISHPanCaKe: 2 bad we 5-0
(01:26 / All) D-for-DarK-: 2 bad you lost to tek9 noobs
(01:29 / Allies) TIME4OLDSKOOL: would u please
(01:29 / All) D-for-DarK-: they bragged about it
(01:30 / All) JEWISHPanCaKe: lol?
(01:34 / All) JEWISHPanCaKe: we lost to tek9?
(01:42 / All) D-for-DarK-: lookingforadime
(01:44 / All) JEWISHPanCaKe: lookin4adime?
(01:46 / All) JEWISHPanCaKe: ROFL!
(01:46 / All) D-for-DarK-: > you
(01:49 / All) JEWISHPanCaKe: ROFL
(01:55 / All) JEWISHPanCaKe: THOSE KIDS GOT ROCKED im sorry
(02:00 / All) D-for-DarK-: and you lost
(02:01 / All) D-for-DarK-: sad
(02:05 / All) JEWISHPanCaKe: 2 bad i didnt save squelched
(02:11 / All) JEWISHPanCaKe: yeah we lost =(
(02:14 / All) JEWISHPanCaKe: rofl believe
(03:43 / All) JEWISHPanCaKe: LOL!
(03:58 / All) JEWISHPanCaKe: UR BAD
(04:49 / All) D-for-DarK-: ROFL
(05:00 / All) JEWISHPanCaKe: cant with 3 noob
(05:06 / All) D-for-DarK-: you cant even block
(05:14 / All) JEWISHPanCaKe: why would i block?
(05:16 / All) JEWISHPanCaKe: fukin filth
(06:47 / Allies) TIME4OLDSKOOL: brt
(06:50 / Allies) TIME4OLDSKOOL: dont get raped
(07:37 / All) TIME4OLDSKOOL: LEAVE
(08:05 / Allies) TIME4OLDSKOOL: y
(10:00 / Allies) JEWISHPanCaKe: omw
(11:42 / All) JEWISHPanCaKe: i guess that means
(11:44 / All) JEWISHPanCaKe: tek9 > u
(11:51 / All) D-for-DarK-: rofl nice mh
(11:55 / All) D-for-DarK-: you are pro
(11:56 / All) JEWISHPanCaKe: yea
(11:58 / All) JEWISHPanCaKe: RAPED!